AoeStats
← Vitolas

Arabia

503446012Analyzed
1v1 RM · 1mo ago on Aug 31, 2026· 21m 12s· 2 players
Game mode
Random Map
Map size
Tiny (2 player)
Population
200
Speed
Normal
Resources
Standard
Victory
Conquest
Starting age
Dark Age
Ending age
Imperial Age
RankedLock teamsTeams togetherTeam positionsShared explorationLock speedFull tech treeHidden civsTurbo modeCheats
Victory
Defeat
🇹🇷 Khmer · Türkiye
674
+14
🇧🇪 Japanese · Belgium
624
-14
Vitolas
8:09 Loom
11:35 Feudal Age
12:23 Double-Bit Axe
13:40 Man-at-Arms
17:40 Scale Mail Armor
asaidyol
10:47 Feudal Age
12:38 Wheelbarrow
11:54 Double-Bit Axe
12:18 Man-at-Arms
14:25 Horse Collar
16:17 Forging
20:45 Castle Age
18:47 Stone Mining
21:16 Loom
22:27 Iron Casting
Connection lost

Rejoining the realm…

Still unreachable

The connection could not be restored.

Session expired

The server has moved on; the page needs a fresh start.